 Dungeon Crawl Stone Soup version 0.31-a0-180-g519b7de00c (webtiles) character file.

Game seed: 5597784951792447900

1325 qw the Cleaver (level 8, 0/51 HPs)
             Began as a Gargoyle Fighter on June 19, 2023.
             Slain by a wight
             ... wielding a +4 spear of freezing
              (2 damage)
             ... on level 6 of the Dungeon.
             The game lasted 00:02:25 (4207 turns).

qw the Cleaver (Gargoyle Fighter)                   Turns: 4207, Time: 00:02:25

Health: 0/51       AC: 14    Str: 22    XL:     8   Next: 60%
Magic:  8/8        EV: 10    Int:  9    God:
Gold:   268        SH:  5    Dex: 15    Spells: 7/7 levels left

rFire   . . .        Y - +1 war axe
rCold   . . .        c - +0 buckler
rNeg    + . .        b - +0 scale mail
rPois   inf          (no helmet)
rElec   +            (no cloak)
rCorr   .            a - +0 pair of gloves
SInv    .            q - +0 pair of boots
Will    .....        (no amulet) Stlth
                     i - +6 ring of dexterity
HPRegen 0.28/turn    (no ring)
MPRegen 0.11/turn

%: no passive effects
@: about to teleport
A: sickness immunity, AC +5, negative energy resistance 1, electricity
resistance, torment resistance 1, petrification resistance
a: no special abilities


You were on level 6 of the Dungeon.
You visited 1 branch of the dungeon, and saw 6 of its levels.

You collected 268 gold pieces.


Innate Abilities, Weirdness & Mutations

You are immune to sickness and miasma.
Your stone body is resilient. (AC +5)
You are immune to poison.
You resist negative energy. (rN+)
You are resistant to electric shocks. (rElec)
You are resistant to unholy torment.
You are immune to petrification.


   Skills:
 + Level 5.8 Fighting
 - Level 8.1 Axes
 - Level 3.2 Armour
 - Level 2.3 Dodging
 - Level 3.2 Shields


You had 7 spell levels left.
You didn't know any spells.
Your spell library was empty.

Inventory:

Hand Weapons
 m - a +2 flail of holy wrath
 n - a +0 flail of protection
 Y - a +1 war axe (weapon)
Armour
 a - a +0 pair of gloves (worn)
 b - a +0 scale mail (worn)
 c - a +0 buckler (worn)
 p - a +0 pair of gloves of hurling
 q - a +0 pair of boots (worn)
Jewellery
 e - a ring of ice
 i - a +6 ring of dexterity (left hand)
Scrolls
 f - a scroll of identify
 l - 4 scrolls of teleportation
Potions
 d - 2 potions of might
 g - a potion of lignification
 h - a potion of curing
 j - a potion of magic
 k - 2 potions of ambrosia {unknown}
 o - a potion of haste {unknown}
 r - a potion of enlightenment {unknown}
 s - a potion of berserk rage {unknown}

Dungeon Overview and Level Annotations

Branches:
Dungeon (6/15)
 Temple: D:4-7

Altars:


Message History

The wight hits you but does no damage.
You hit the wight.
The wight is severely damaged.
You hit the wight but do no damage. The wight hits you but does no damage.
You hit the wight.
The wight is almost destroyed.
You hit the wight. You hit the wight but do no damage.
The wight hits you but does no damage.
The wight zaps a wand.
The puff of flame hits you but does no damage.
You block the wight's attack. The wight closely misses you.
You hit the wight.
You destroy the wight!
You slash the wight! You hit the wight but do no damage.
You block the wight's attack. The wight misses you.
The wight hits you from afar with a +4 spear of freezing!
The wight freezes you.
Your Axes skill increases to level 8!
You slash the wight!
You destroy the wight!
You hit the wight but do no damage. The wight completely misses you.
The wight hits you with a +0 mace.
You barely miss the wight.
The wight hits you from afar with a +4 spear of freezing!
The wight freezes you. The wight hits you with a +0 mace.
You slash the wight!
The wight is heavily damaged.
The wight closely misses you. The wight misses you.
You block the wight's attack.
The wight hits you from afar with a +4 spear of freezing!
The wight freezes you.
4206 ||| READING 5 scrolls of teleportation.
As you read the scroll of teleportation, it crumbles to dust.
You feel strangely unstable.
The wight hits you but does no damage. x2
You slash the wight!
You destroy the wight!
The wight hits you from afar with a +4 spear of freezing!
The wight freezes you.
You die...

#..........# #.#.#..
############ .......
.....## ........
.#######
###################
####...)....##.......###
...'..)@.....'.......'..
####.z).....##.......###
#........#########...
#........# #.##
#........# #.#.
#........# #.#.
###.###.## #.#. #. #.#
#.#. #.##


You could see a wight.

Vanquished Creatures
  Sigmund (D:5)
  Menkaure (D:5)
  A water moccasin (D:6)
  An ice beast (D:5)
  An ogre (D:5)
  2 scorpions (D:4)
  3 wights (D:6)
  A howler monkey (D:6)
  2 jellies
  4 hounds
  An orc priest (D:5)
  6 iguanas
  2 adders
  2 shadow imps (D:6)
  2 ufetubi
  A worm (D:5)
  2 dart slugs
  4 orcs (D:5)
  8 ball pythons
  7 endoplasms
  2 giant cockroaches
  15 goblins
  10 hobgoblins
  2 jackals (D:2)
  7 quokkas
  7 bats
  3 frilled lizards
  8 kobolds
  3 rats
109 creatures vanquished.

Notes
Turn   | Place    | Note
-------+----------+-------------------------------------------
     0 | D:1      | qw the Gargoyle Fighter began the quest for the Orb.
     0 | D:1      | Reached XP level 1. HP: 14/14 MP: 1/1
     0 | D:1      | 0 ||| qw: Version: 0.3-a-7-ge0c9b40
     0 | D:1      | 0 ||| qw: Game counter: 1043
     0 | D:1      | 0 ||| qw: Always use a shield: true
     0 | D:1      | 0 ||| qw: God list: Okawaru
     0 | D:1      | 0 ||| qw: Allow faded altars: false
     0 | D:1      | 0 ||| qw: Do Orc after D:15 true
     0 | D:1      | 0 ||| qw: Do second Lair branch before Depths: true
     0 | D:1      | 0 ||| qw: Lair rune preference: random
     0 | D:1      | 0 ||| qw: Plans: Normal, Zot:1-4, Slime:5, God:TSO, Crypt,
                  | Tomb, Abyss, Pan, Hells, Win
     0 | D:1      | 0 ||| PLANNING D:1-11
    34 | D:1      | Reached skill level 2 in Axes
   111 | D:1      | Reached XP level 2. HP: 19/19 MP: 2/2
   266 | D:1      | 266 ||| DROPPING +0 club.
   450 | D:1      | Reached skill level 3 in Axes
   496 | D:1      | Reached XP level 3. HP: 23/23 MP: 3/3
   596 | D:1      | Found a faded altar of an unknown god.
   674 | D:1      | 674 ||| UPGRADING to +6 ring of dexterity.
   675 | D:1      | 675 ||| READING scroll labelled ZINNIU NICE.
   676 | D:1      | 676 ||| READING scroll labelled VEGOLO LUAWE.
   777 | D:1      | 777 ||| READING scroll labelled GAZAACAZXOE.
   778 | D:1      | 778 ||| READING scroll labelled EGHIHO BE MEAS.
   855 | D:2      | 855 ||| Stepping ~*~*~tactically~*~*~ (stealth).
   857 | D:2      | 857 ||| Stepping ~*~*~tactically~*~*~ (hiding).
  1110 | D:2      | 1110 ||| Stepping ~*~*~tactically~*~*~ (hiding).
  1113 | D:2      | 1113 ||| Stepping ~*~*~tactically~*~*~ (hiding).
  1115 | D:2      | 1115 ||| Stepping ~*~*~tactically~*~*~ (hiding).
  1134 | D:2      | Reached skill level 1 in Dodging
  1134 | D:2      | 1134 ||| FLEEEEING.
  1135 | D:2      | 1135 ||| FLEEEEING.
  1137 | D:2      | 1137 ||| FLEEEEING.
  1148 | D:2      | 1148 ||| FLEEEEING.
  1500 | D:2      | 1500 ||| UPGRADING to +0 pair of gloves.
  1505 | D:2      | 1505 ||| READING scroll labelled XIZXUG EGAEHI.
  1508 | D:2      | 1508 ||| READING 2 scrolls of identify.
  1508 | D:2      | 1508 ||| IDENTIFYING metallic purple potion
  1545 | D:3      | Reached XP level 4. HP: 28/28 MP: 4/4
  1592 | D:3      | 1592 ||| Stepping ~*~*~tactically~*~*~ (hiding).
  1595 | D:3      | 1595 ||| Stepping ~*~*~tactically~*~*~ (hiding).
  1708 | D:3      | 1708 ||| Stepping ~*~*~tactically~*~*~ (stealth).
  2078 | D:3      | 2078 ||| READING 3 scrolls of identify.
  2078 | D:3      | 2078 ||| IDENTIFYING lumpy emerald potion
  2079 | D:3      | 2079 ||| READING 2 scrolls of identify.
  2079 | D:3      | 2079 ||| IDENTIFYING fizzy black potion
  2080 | D:3      | 2080 ||| DROPPING potion of degeneration.
  2122 | D:4      | HP: 7/28 [hound (1)]
  2123 | D:4      | 2123 ||| READING scroll of teleportation.
  2235 | D:4      | Reached skill level 4 in Axes
  2310 | D:4      | HP: 7/28 [acid (11)]
  2312 | D:4      | Reached XP level 5. HP: 8/32 MP: 5/5
  2402 | D:4      | 2402 ||| Stepping ~*~*~tactically~*~*~ (stealth).
  2407 | D:4      | 2407 ||| Stepping ~*~*~tactically~*~*~ (stealth).
  2410 | D:4      | 2410 ||| Stepping ~*~*~tactically~*~*~ (stealth).
  2411 | D:4      | 2411 ||| Stepping ~*~*~tactically~*~*~ (stealth).
  2412 | D:4      | 2412 ||| Stepping ~*~*~tactically~*~*~ (stealth).
  2413 | D:4      | 2413 ||| Stepping ~*~*~tactically~*~*~ (stealth).
  2516 | D:4      | 2516 ||| DROPPING +2 whip of flaming.
  2692 | D:4      | 2692 ||| Stepping ~*~*~tactically~*~*~ (stealth).
  2710 | D:4      | Reached skill level 5 in Axes
  2710 | D:4      | Reached XP level 6. HP: 33/37 MP: 6/6
  2929 | D:4      | 2929 ||| Stepping ~*~*~tactically~*~*~ (stealth).
  3098 | D:4      | 3098 ||| Stepping ~*~*~tactically~*~*~ (stealth).
  3182 | D:4      | 3182 ||| READING scroll labelled FAIXKEORIS.
  3183 | D:4      | 3183 ||| READING scroll labelled POVVAI PAONUL.
  3200 | D:5      | Entered Level 5 of the Dungeon
  3298 | D:5      | Reached skill level 6 in Axes
  3298 | D:5      | Reached XP level 7. HP: 43/43 MP: 7/7
  3362 | D:5      | 3362 ||| Stepping ~*~*~tactically~*~*~ (hiding).
  3550 | D:5      | Reached skill level 7 in Axes
  3591 | D:5      | Noticed Sigmund
  3592 | D:5      | 3592 ||| Stepping ~*~*~tactically~*~*~ (hiding).
  3602 | D:5      | Killed Sigmund
  3715 | D:5      | Noticed Menkaure
  3716 | D:5      | 3716 ||| FLEEEEING.
  3728 | D:5      | 3728 ||| FLEEEEING.
  3729 | D:5      | 3729 ||| STAIRDANCE
  3747 | D:4      | 3747 ||| UPGRADING to +0 pair of boots.
  3752 | D:4      | 3752 ||| READING scroll labelled KUAQ JECOI.
  3753 | D:4      | 3753 ||| DRINKING 2 yellow potions.
  3760 | D:5      | Killed Menkaure
  3761 | D:5      | Reached XP level 8. HP: 41/50 MP: 8/8
  3992 | D:6      | 3992 ||| Stepping ~*~*~tactically~*~*~ (stealth).
  3994 | D:6      | 3994 ||| Stepping ~*~*~tactically~*~*~ (hiding).
  4203 | D:6      | Reached skill level 8 in Axes
  4205 | D:6      | HP: 10/51 [wight/+4 spear of freezing (4)]
  4206 | D:6      | 4206 ||| READING 5 scrolls of teleportation.
  4207 | D:6      | HP: 2/51 [wight/+4 spear of freezing (8)]
  4207 | D:6      | Slain by a wight

Levels and vault maps discovered:
D:1:      lightli_arrival_chessboard, layout_basic, basic_ecumenical_altar,
          chequers_serial_rivers_micro_d
D:2:      layout_rooms, minmay_misc_feat_plants, minmay_pentomino_z4
D:3:      cheibrodos_greedy_goblins, layout_rooms
D:4:      layout_loops_cross, chequers_jeans
D:5:      layout_cave_pools, uniq_menkaure, uniq_sigmund
D:6:      layout_basic, minmay_temple_entry_crystal_x,
          gammafunk_ghost_necromancy, st_stairs_10,
          minmay_fractal_squares_gapless_5

Skill      XL: |  1  2  3  4  5  6  7  8 |
---------------+-------------------------+-----
Axes           | 2 3 4 5 6 7 8 |  8.1
Dodging        | 1 2 |  2.3
Fighting       | 4 5 |  5.8
Armour         | |  3.2
Shields        | |  3.2

Action                     |  1- 3 |  4- 6 |  7- 9 || total
---------------------------+-------+-------+-------++-------
  Melee: War axe           |   130 |   147 |   103 ||   380
    Use: Scroll            |     6 |     5 |     2 ||    13
         Potion            |       |       |     1 ||     1
 Armour: Scale mail        |    66 |    63 |    43 ||   172
  Dodge: Dodged            |    50 |    62 |    50 ||   162
  Block: Buckler           |    20 |    33 |    33 ||    86

Table legend:
 A = Non-vault XP
 B = Vault XP
 C = Vault XP percentage of total XP
 D = Non-vault monster count
 E = Vault monster count
 F = Vault count percentage of total count
                 A         B        C        D         E       F
            +---------+---------+-------+---------+---------+-------
      Total |    1543 |     429 |  21.8 |      95 |      14 |  12.8
            +---------+---------+-------+---------+---------+-------
        D:1 |      47 |       0 |   0.0 |      29 |       0 |   0.0
        D:2 |      25 |       8 |  24.2 |      15 |       3 |  16.7
        D:3 |      31 |      15 |  32.6 |      10 |       8 |  44.4
        D:4 |     355 |       0 |   0.0 |      17 |       0 |   0.0
        D:5 |     446 |     395 |  47.0 |      12 |       2 |  14.3
        D:6 |     639 |      11 |   1.7 |      12 |       1 |   7.7
            +---------+---------+-------+---------+---------+-------
